 Seeded DCSS version 0.30-a0-800-g7c544603b3 (webtiles) character file.

Game seed: 8965903015798422671 (custom seed)

296 Farfigtubin the Covert (level 6, -1/35 HPs)
             Began as a Kobold Brigand on Feb 21, 2023.
             Slain by an adder (4 damage)
             ... in a sewer.
             The game lasted 00:32:26 (3161 turns).

Farfigtubin the Covert (Kobold Brigand)             Turns: 3161, Time: 00:32:26

Health: -1/35      AC:  3    Str:  9    XL:     6   Next: 62%
Magic:  6/6        EV: 14    Int: 12    God:
Gold:   252        SH:  0    Dex: 18    Spells: 3/5 levels left

rFire   . . .      SeeInvis .    a - +2 dagger
rCold   . . .      Faith    .    (no shield)
rNeg    . . .      Spirit   .    b - +0 robe
rPois   .          Reflect  .    (no helmet)
rElec   .          Harm     .    c - +0 cloak
rCorr   .          Rampage  .    (no gloves)
Will    .....                    (no boots)
Stlth   +++++                    (no amulet)
HPRegen 0.25/turn                (no ring)
MPRegen 0.10/turn                (no ring)

@: lethally poisoned (-1 -> -8), flying
A: small, no large weapons, nightstalker 3
a: no special abilities


You were in a sewer.
You visited 1 branch of the dungeon, and saw 5 of its levels.
You also visited: Sewer.

You collected 252 gold pieces.

Inventory:

Hand Weapons
 a - a +2 dagger (weapon)
Missiles
 d - 9 poisoned darts (quivered)
 e - 3 curare-tipped darts
 f - 55 stones
Armour
 b - a +0 robe (worn)
 c - a +0 cloak (worn)
Jewellery
 g - an amulet of magic regeneration
Wands
 s - a wand of flame (13)
 u - a wand of digging (6)
 v - a wand of roots (6)
Scrolls
 h - a scroll of magic mapping {unknown}
 j - 3 scrolls of identify
 k - 2 scrolls of silence {unknown}
 n - 2 scrolls of teleportation
 o - a scroll of fear {unknown}
 p - a scroll of enchant weapon {unknown}
 q - 2 scrolls of poison {unknown}
 r - a scroll of immolation {unknown}
 w - a scroll of noise {unknown}
Potions
 i - a potion of might {unknown}
 l - a potion of flight
 m - a potion of attraction {unknown}
 t - a potion of mutation {unknown}


   Skills:
 - Level 2.1 Fighting
 + Level 4.8 Short Blades
 - Level 2.1 Throwing
 - Level 1.2 Dodging
 + Level 8.3 Stealth
 * Level 2.8 Hexes


You had 3 spell levels left.
You knew the following spells:

 Your Spells              Type           Power      Damage    Failure   Level
a - Ensorcelled Hibernat  Hex/Ice        6%         N/A       28%         2

Your spell library contained the following spells:

 Spells                   Type           Power      Damage    Failure   Level
 Blink                    Tloc           0%         N/A       45%         2
 Lesser Beckoning         Tloc           0%         N/A       45%         2
 Momentum Strike          Conj/Tloc      0%         3d8       45%         2
 Frozen Ramparts          Ice            0%         1d1       69%         3
 Gell's Gravitas          Tloc           0%         N/A       69%         3
 Spider Form              Tmut/Pois      0%         N/A       69%         3
 Teleport Other           Tloc           0%         N/A       69%         3
 Anguish                  Hex/Necr       1%         N/A       88%         4
 Ice Form                 Ice/Tmut       0%         N/A       97%         4
 Manifold Assault         Tloc           0%         N/A       97%         4
 Summon Ice Beast         Ice/Summ       0%         N/A       97%         4
 Dispersal                Tloc           0%         N/A       100%        6
 Storm Form               Tmut/Air       0%         N/A       100%        7


Dungeon Overview and Level Annotations

Branches:
Dungeon (5/15)              Sewer (1/1)
 Temple: D:4-7

Altars:

Annotations:
D:4 Sigmund


Innate Abilities, Weirdness & Mutations

You are small and have problems with some larger weapons.
You are completely attuned to the shadows.


Message History

The adder attacks as you move away! The adder bites you.
The adder barely misses you. The adder bites you.
You are poisoned.
The adder poisons you! The adder barely misses you. The adder misses you.
The adder attacks as you move away! The adder bites you.
You feel sick. The adder closely misses you. The adder bites you.
The adder misses you. x2
The adder attacks as you move away! The adder bites you but does no damage.
You feel sick. The adder closely misses you.
The adder bites you but does no damage. x2; The adder closely misses you.
The adder bites you. The adder attacks as you move away! The adder misses you.
You feel sick. The adder barely misses you.
The adder bites you but does no damage.
The adder barely misses you. x2; The adder bites you but does no damage.
The adder misses you.
You closely miss the adder.
You feel sick.
You are no longer poisoned.
The adder closely misses you. The adder bites you. The adder misses you.
The adder bites you.
You closely miss the adder. The adder bites you. The adder closely misses you.
The adder bites you. The adder misses you.
You hit the adder.
The adder is lightly wounded.
The adder bites you but does no damage. The adder misses you.
The adder bites you but does no damage. x2
You miss the adder.
The adder is lightly wounded.
The adder completely misses you. The adder closely misses you.
The adder barely misses you. The adder bites you.
* * * LOW HITPOINT WARNING * * *
You are poisoned.
The adder poisons you!
You feel very buoyant.
You fly up into the air.
You feel sick. The adder bites you.
* * * LOW HITPOINT WARNING * * *
The adder bites you.
* * * LOW HITPOINT WARNING * * *
You are more poisoned.
The adder poisons you! The adder bites you but does no damage.
The adder bites you.
You die...

#≈≈≈# #≈≈≈# #≈≈≈#
#≈≈≈#############
#~.~~~~~@S~..~~~~
#~≈≈≈≈≈SSS≈≈≈≈≈≈≈
#~≈~~~~~~~~~~~~~~
#~≈~####~~####~≈~
#~≈.# #~~# ~≈.
#~≈.# #~.# #~≈~#
#..### #~≈.#
#..#.# #.≈~#
+..'.#


You could see 4 adders.

Vanquished Creatures
  A hound (D:5)
  Ijyb (D:3)
  An orc wizard (D:3)
  3 gnolls (D:5)
  10 adders
  A white imp (D:5)
  6 dart slugs
  2 orcs (D:3)
  3 endoplasms
  4 giant cockroaches
  3 goblins
  5 hobgoblins
  A jackal (Sewer)
  11 kobolds
  4 quokkas
  10 ball pythons
  7 bats
  6 frilled lizards
  4 rats
83 creatures vanquished.

Notes
Turn   | Place    | Note
-------+----------+-------------------------------------------
     0 | D:1      | Farfigtubin the Kobold Brigand began the quest for the Orb.
     0 | D:1      | Reached XP level 1. HP: 12/12 MP: 1/1
    92 | D:1      | Reached XP level 2. HP: 17/17 MP: 2/2
   572 | D:1      | Reached skill level 6 in Stealth
   572 | D:1      | Reached skill level 1 in Hexes
   572 | D:1      | Reached XP level 3. HP: 21/21 MP: 3/3
  1247 | D:3      | Reached XP level 4. HP: 23/26 MP: 4/4
  1436 | D:3      | Upgraded the game from 0.30-a0-799-g109b55a442 to
                  | 0.30-a0-800-g7c544603b3
  1543 | D:3      | Found a faded altar of an unknown god.
  1969 | D:3      | Reached skill level 7 in Stealth
  1969 | D:3      | Reached XP level 5. HP: 30/30 MP: 5/5
  2293 | D:3      | Noticed Ijyb
  2294 | D:3      | Killed Ijyb
  2688 | D:4      | Noticed Sigmund
  2716 | D:5      | Entered Level 5 of the Dungeon
  2722 | D:5      | Reached XP level 6. HP: 27/35 MP: 6/6
  2849 | D:5      | Reached skill level 8 in Stealth
  2912 | D:5      | Found a glowing drain.
  2967 | Sewer    | Entered a sewer
  3145 | Sewer    | Learned a level 2 spell: Ensorcelled Hibernation
  3161 | Sewer    | Slain by an adder

Illustrated notes

Levels and vault maps discovered:
D:1:      spicycebolla_green_bress_n_ham_2, layout_rooms, minmay_heptomino_l4
D:2:      layout_rooms
D:3:      layout_loops_corners, shapermc_ecumenical_altar_pompeii,
          chequers_serial_rivers_large_a, minmay_misc_feat_rows, hex_large,
          grunt_ministairs_13, minmay_starry_boxes, uniq_ijyb
D:4:      layout_basic, nicolae_overflow_hallway_of_the_gods,
          uniq_blork_the_orc, uniq_sigmund
D:5:      layout_layer_cave, gup_sewer_entry_glass, st_stairs_4,
          grunt_ministairs_8, uniq_grinder, uniq_pikel
Sewer:    sewer_fruit_machine

Skill      XL: |  1  2  3  4  5  6 |
---------------+-------------------+-----
Short Blades   | 3 4 |  4.8
Stealth        | 6 7 8 |  8.3
Hexes          | 1 2 |  2.8
Fighting       | |  2.1
Throwing       | |  2.1
Dodging        | |  1.2

Action                     |  1- 3 |  4- 6 || total
---------------------------+-------+-------++-------
  Melee: Dagger            |    69 |   141 ||   210
         Punch             |       |     2 ||     2
  Throw: Dart              |     3 |       ||     3
    Use: Scroll            |       |     3 ||     3
         Potion            |       |     1 ||     1
   Stab: Sleeping          |    23 |    22 ||    45
         Distracted        |       |     2 ||     2
 Armour: Robe              |    15 |    29 ||    44
  Dodge: Dodged            |    29 |   101 ||   130

Table legend: (Time is in decaauts)
 A = Elapsed time spent in this place.
 B = Non-inter-level travel time spent in this place.
 C = Inter-level travel time spent in this place.
 D = Time resting spent in this place.
 E = Time spent auto-exploring this place.
 F = Levels seen in this place.
 G = Mean time per level.
                   A        B        C        D        E       F      G
               +--------+--------+--------+--------+--------+-----+--------+
         Total |   3164 |   3064 |    100 |    233 |    273 |   6 |  527.3 |
       Dungeon |   2951 |   2851 |    100 |    174 |    273 |   5 |  590.2 |
         Sewer |    213 |    213 |      0 |     59 |      0 |   1 |  213.0 |
               +--------+--------+--------+--------+--------+-----+--------+

Top non-repeatable levels by time:
     D:3: 1436 daAuts
     D:1: 613 daAuts
     D:2: 513 daAuts
     D:5: 242 daAuts
   Sewer: 213 daAuts
     D:4: 144 daAuts
